 Dungeon Crawl Stone Soup version 0.23.2-1-ga50397a (webtiles) character file.

Game seed: 5236404456445410412

156 MalarOregon the Poker (level 5, -5/43 HPs)
             Began as a Merfolk Gladiator on May 15, 2019.
             Killed by divine providence
             ... invoked by an orc priest
              (14 damage)
             ... on level 3 of the Dungeon.
             The game lasted 00:03:06 (2167 turns).

MalarOregon the Poker (Merfolk Gladiator)           Turns: 2167, Time: 00:03:07

Health: -5/43      AC:  8    Str: 15    XL:     5   Next: 38%
Magic:  5/5        EV: 11    Int:  8    God:
Gold:   73         SH:  0    Dex: 15    Spells: 4/4 levels left

rFire    . . .     SeeInvis .   a - +0 trident
rCold    . . .     Gourm    .   (no shield)
rNeg     . . .     Faith    .   n - +0 scale mail
rPois    .         Spirit   .   c - +1 helmet
rElec    .         Reflect  .   (no cloak)
rCorr    .         Harm     .   (no gloves)
MR       .....                  (no boots)
Stlth    ..........             (no amulet)
HPRegen  0.14/turn              (no ring)
MPRegen  0.09/turn              (no ring)

@: no status effects
A: change form in water, swift swim, stealthy swim
a: no special abilities


You were on level 3 of the Dungeon.
You were not hungry.

You visited 1 branch of the dungeon, and saw 3 of its levels.

You collected 73 gold pieces.

Inventory:

Hand Weapons
 a - a +0 trident (weapon)
Missiles
 d - 3 throwing nets (quivered) {!f}
Armour
 c - a +1 helmet (worn)
 n - a +0 scale mail (worn)
   (You found it on level 1 of the Dungeon)
Wands
 h - a wand of polymorph (7)
   (You took it off a hobgoblin on level 3 of the Dungeon)
Scrolls
 g - a scroll of amnesia {unknown}
 m - a scroll of teleportation {@r4}
 p - a scroll of remove curse {@r2}
Potions
 f - a potion of invisibility {unknown}
 i - 2 potions of might {unknown}
 j - 4 potions of curing {unknown}
 k - a potion of brilliance {unknown}
 l - a potion of agility {unknown}
 o - a potion of magic {unknown}
Comestibles
 b - 10 chunks of flesh
 e - 9 rations {!d}


   Skills:
 + Level 4.4 Fighting
 + Level 6.8 Polearms
 - Level 2.0 Throwing
 - Level 4.0 Dodging


You had 4 spell levels left.
You didn't know any spells.
Your spell library was empty.

Dungeon Overview and Level Annotations

Branches:
Dungeon (3/15)

Altars:
Okawaru
Qazlal
Ru
Sif Muna
Trog
Xom
The Shining One


Message History

The orc priest hits you but does no damage.
An orc comes into view. It is wielding a +0 hand axe.
You closely miss the orc priest.
The orc priest calls down the wrath of Beogh upon you.
Beogh smites you!
You completely miss the orc priest.
The orc priest hits you but does no damage.
You hit the orc priest but do no damage.
The orc priest hits you with a +0 short sword.
You hit the orc priest but do no damage.
The orc priest invokes the aid of Beogh against you.
You barely resist.
An orc comes into view. It is wielding a +0 trident.
You hit the orc priest but do no damage.
The orc priest barely misses you.
You closely miss the orc priest. The orc priest barely misses you.
You hit the orc priest.
You kill the orc priest!
An orc priest comes into view. It is wielding a -2 mace.
You hit the orc. The orc hits you but does no damage.
You closely miss the orc. The orc hits you but does no damage.
You closely miss the orc. You hit the orc.
You kill the orc!
You hit the orc but do no damage. The orc hits you with a +0 hand axe.
The orc hits you from afar with a +0 trident.
You closely miss the orc. The orc hits you but does no damage.
The orc barely misses you.
You hit the orc. The orc hits you but does no damage.
The orc barely misses you.
You hit the orc.
You kill the orc!
Attack whom?
Aim: an orc, wielding a +0 trident You reach to attack!
You hit the orc.
The orc hits you from afar with a +0 trident.
* * * LOW HITPOINT WARNING * * *
The orc priest calls down the wrath of Beogh upon you.
Beogh smites you!
* * * LOW HITPOINT WARNING * * *
The orc priest looks braver for a moment.
The orc hits you with a +0 trident.
* * * LOW HITPOINT WARNING * * *
Items here: ! ))) [[ †† You puncture the orc!
You kill the orc!
You closely miss the orc priest.
The orc priest calls down the wrath of Beogh upon you.
Beogh smites you!
You die...

####### #.....# #.###.#
### #######.###.#
..####.........#@#
.......#####.#.#o#*****
..###### #......,,,,**
.## ###.....,,,,* .#
###.##.*,,* .#
#.#*.#,,* .###
#.#*,#,,* ...# *******
#.#*,*,,* ##.# *,,,,,*
*,<,,,,,*


You could see an orc priest.

Vanquished Creatures
  An orc priest (D:3)
  5 adders
  5 oozes
  A worm (D:2)
  A dart slug (D:1)
  3 leopard geckos
  6 orcs (D:3)
  2 giant cockroaches
  3 goblins
  4 hobgoblins
  A quokka (D:2)
  7 bats
  6 frilled lizards
  6 kobolds
  8 rats
59 creatures vanquished.

Notes
Turn   | Place    | Note
-------+----------+-------------------------------------------
     0 | D:1      | MalarOregon the Merfolk Gladiator began the quest for the
                  | Orb.
     0 | D:1      | Reached XP level 1. HP: 16/16 MP: 1/1
    94 | D:1      | Reached XP level 2. HP: 18/23 MP: 2/2
   168 | D:1      | Reached skill level 5 in Polearms
   745 | D:1      | Reached XP level 3. HP: 10/29 MP: 3/3
  1187 | D:2      | Reached XP level 4. HP: 36/36 MP: 4/4
  1209 | D:2      | Reached skill level 6 in Polearms
  1907 | D:3      | Found a faded altar of an unknown god.
  1956 | D:3      | Found a deep blue altar of Sif Muna.
  1956 | D:3      | Found a stormy altar of Qazlal.
  1957 | D:3      | Found a sacrificial altar of Ru.
  1957 | D:3      | Found a shimmering altar of Xom.
  1957 | D:3      | Found a glowing golden altar of the Shining One.
  1958 | D:3      | Found an iron altar of Okawaru.
  1962 | D:3      | Reached XP level 5. HP: 42/42 MP: 5/5
  1963 | D:3      | Found a bloodstained altar of Trog.
  2167 | D:3      | Killed from afar by an orc priest

Skill      XL: |  1  2  3  4 |
---------------+-------------+-----
Polearms       | 5 6 |  6.8
Fighting       | 3 4 |  4.4
Throwing       | |  2.0
Dodging        | |  4.0

Action                   |  1- 3 |  4- 6 || total
-------------------------+-------+-------++-------
Melee: Trident           |    92 |   112 ||   204
       Tailslap          |       |     1 ||     1
  Use: Scroll            |       |     6 ||     6
 Stab: Sleeping          |     2 |       ||     2
  Eat: Chunk             |     1 |     3 ||     4
Armor: Leather armour    |     9 |       ||     9
       Scale mail        |    30 |    28 ||    58
Dodge: Dodged            |    52 |    47 ||    99
